 Dungeon Crawl Stone Soup version 0.31.0-11-ge490571c62 (webtiles) character file.

Game seed: 4475926610838201495

350038 Bobbunny the Conqueror (level 23, -2/215 (219) HPs)
             Began as a Formicid Fighter on Feb 3, 2024.
             Was a High Priest of Okawaru.
             Killed from afar by a titan (28 damage)
             ... with a bolt of lightning
             ... on level 4 of the Vaults on Feb 4, 2024.
             The game lasted 01:01:19 (37767 turns).

Bobbunny the Conqueror (Formicid Fighter)          Turns: 37767, Time: 01:01:19

HP:   -2/215 (219)  AC: 40    Str: 37    XL:     23   Next: 21%
MP:   26/31         EV: 14    Int: 10    God:    Okawaru [*****.]
Gold: 2335          SH: 13    Dex: 13    Spells: 22/22 levels left

rFire   . . .        w - +8 frozen axe "Frostbite" {freeze, freezing cloud, *Noise Fly rC+}
rCold   + . .        Y - +0 kite shield {rN+}
rNeg    + . .        s - +8 plate armour of Slovenliness {rPois rCorr}
rPois   +            (helmet unavailable)
rElec   .            a - +2 cloak {rCorr}
rCorr   +            j - +1 pair of gloves {Str+3}
SInv    +            b - +2 pair of boots {Fly}
Will    ++...        N - amulet of regeneration Stlth
                     q - ring "Iqungix" {rPois Str+4}
HPRegen 1.35/turn    E - +4 ring of protection
MPRegen 0.22/turn

%: no passive effects
@: heroic, finesse-ful, flying, lightly drained
A: permanent stasis, dig shafts and tunnels, antennae 3, four strong arms
}: 2/15 runes: serpentine, barnacled
a: Dig, Shaft Self, Renounce Religion, Heroism, Finesse, Duel


You were on level 4 of the Vaults.
You worshipped Okawaru.
Okawaru was extremely pleased with you.
You visited 6 branches of the dungeon, and saw 35 of its levels.
You also visited: Gauntlet and Desolation.

You collected 3974 gold pieces.
You spent 1639 gold pieces at shops.

Inventory:

Hand Weapons
 n - a +2 battleaxe of freezing
 w - the +8 frozen axe "Frostbite" (weapon) {freeze, freezing cloud, *Noise Fly rC+}
   (Okawaru gifted it to you on level 1 of the Lair of Beasts)

   rC+:       It protects you from cold.
   Fly:       It grants you flight.
   *Noise:    It may make a loud noise when swung.
 x - a +1 battleaxe of flaming
 S - a +2 antimagic war axe
Missiles
 e - 24 boomerangs (quivered)
 f - 64 poisoned darts
 r - 10 curare-tipped darts
 A - 23 silver javelins
 G - 31 javelins
 H - 6 throwing nets
Armour
 a - a +2 cloak of preservation (worn)
 b - a +2 pair of boots of flying (worn)
 j - a +1 pair of gloves of strength (worn)
 s - the +8 plate armour of Slovenliness (worn) {rPois rCorr}
   (You found it in the Desolation of Salt)

   rPois:     It protects you from poison rCorr: It protects you from acid and
   corrosion.
 F - a +1 crystal plate armour
 T - a +2 cloak of poison resistance
 Y - a +0 kite shield of positive energy (worn)
Jewellery
 c - a ring of protection from cold
 q - the ring "Iqungix" (left hand) {rPois Str+4}
   (You found it in the Desolation of Salt)

   [ring of poison resistance]

   Str+4:     It affects your strength (+4).
   rPois:     It protects you from poison
 t - a +6 ring of strength
 E - a +4 ring of protection (right hand)
 N - an amulet of regeneration (around neck)
Wands
 M - a wand of digging (8)
 O - a wand of roots (23)
 V - a wand of acid (3)
Scrolls
 m - 4 scrolls of revelation
 u - 5 scrolls of noise
 y - a scroll of poison
 B - a scroll of torment
 C - 4 scrolls of enchant weapon
 D - 8 scrolls of fear
 K - a scroll of silence
 L - 6 scrolls of fog
 Q - 5 scrolls of immolation
 U - 5 scrolls of vulnerability
 X - a scroll of brand weapon
Potions
 d - 6 potions of might
 g - 6 potions of heal wounds
 h - 2 potions of cancellation
 i - 4 potions of invisibility
 k - 4 potions of magic
 o - 4 potions of mutation
 p - 18 potions of curing
 z - 5 potions of lignification
 J - 2 potions of resistance
 P - 2 potions of brilliance
 W - 5 potions of ambrosia
 Z - a potion of enlightenment
Miscellaneous
 l - a condenser vane
 v - a phantom mirror


   Skills:
 O Level 27 Fighting
 + Level 18.6(23.6) Axes
 - Level 16.0(21.0) Throwing
 + Level 13.2(18.2) Armour
 + Level 8.5(13.5) Dodging
 - Level 3.0(8.0) Stealth
 - Level 11.0(16.0) Shields
 - Level 11.0 Invocations


You had 22 spell levels left.
You didn't know any spells.
Your spell library contained the following spells:

 Spells                   Type           Power      Damage    Failure   Level
 Kiss of Death            Conj/Necr      0%         2d5       86%         1
 Magic Dart               Conj           0%         1d3       86%         1
 Sandblast                Erth           0%         2d4       86%         1
 Slow                     Hex            0%         N/A       86%         1
 Cigotuvi's Dreadful Rot  Necr/Alch/Air  0%         N/A       94%         2
 Ensorcelled Hibernation  Hex/Ice        0%         N/A       94%         2
 Searing Ray              Conj           0%         2d4       94%         2
 Confusing Touch          Hex            0%         N/A       99%         3
 Gell's Gravitas          Tloc           0%         N/A       99%         3
 Inner Flame              Hex/Fire       0%         N/A       99%         3
 Passwall                 Erth           0%         N/A       99%         3
 Stone Arrow              Conj/Erth      0%         3d7       99%         3
 Teleport Other           Tloc           0%         N/A       99%         3
 Anguish                  Hex/Necr       0%         N/A       100%        4
 Brom's Barrelling Bould  Conj/Erth      0%         2d3       100%        4
 Dispel Undead            Necr           0%         3d6       100%        4
 Fulminant Prism          Conj/Alch      0%         3d5       100%        4
 Arcjolt                  Conj/Air       0%         1d10      100%        5
 Borgnjor's Vile Clutch   Necr/Erth      0%         N/A       100%        5
 Curse of Agony           Necr           0%         N/A       100%        5
 Freezing Cloud           Conj/Ice/Air   0%         6-21      100%        5
 Lee's Rapid Deconstruct  Erth           0%         3d4*      100%        5
 Silence                  Hex/Air        0%         N/A       100%        5
 Conjure Ball Lightning   Conj/Air       0%         3x3d6     100%        6
 Dispersal                Tloc           0%         N/A       100%        6
 Discord                  Hex            0%         N/A       100%        8
 Disjunction              Tloc           0%         N/A       100%        8
 Lehudib's Crystal Spear  Conj/Erth      0%         10d2      100%        8
 Maxwell's Capacitive Co  Air            0%         ∞         100%        8
 Chain Lightning          Conj/Air       0%         N/A       100%        9
 Fire Storm               Conj/Fire      0%         5d1       100%        9
 Shatter                  Erth           0%         3d5*      100%        9
 Swiftness                Air            Unusable   N/A       N/A         3
 Animate Armour           Summ/Erth      Unusable   N/A       N/A         4
 Summon Lightning Spire   Summ/Air       Unusable   N/A       N/A         4
 Vhi's Electric Charge    Tloc/Air       Unusable   N/A       N/A         4

Dungeon Overview and Level Annotations

Branches:
Dungeon (15/15)            Temple (0/1) D:7            Lair (5/5) D:9
 Shoals (4/4) Lair:2        Snake (4/4) Lair:3        Slime (0/5) Lair:4
    Orc (2/2) D:9             Elf (0/3) Orc:2        Vaults (5/5) D:13
  Crypt (0/3) Vaults:2     Depths (0/4) D:15        Desolation (visited)
Gauntlet (visited)

Altars:
Ashenzari
Cheibriados
Elyvilon
Hepliaklqana
Kikubaaqudgha
Makhleb
Okawaru
Qazlal
Trog
Uskayaw
Vehumet
Wu Jian
Xom
Zin
The Shining One
Jiyva

Shops:
D:8 :   D:11 (   Orc:2 ?*[!   Shoals:3 !   Snake:1 ?

Portals:
Trove: D:12 (show abyssal rune of Zot)

Annotations:
D:13 2 transporters, draino's ghost, journeyman HOMo


Innate Abilities, Weirdness & Mutations

You cannot be hasted, slowed, berserked, paralysed or teleported.
You can dig through walls and to a lower floor.
You have a pair of large antennae on your head. (SInv)
Your four strong arms can wield two-handed weapons with a shield.


Message History

You fly upwards.
There is a stone staircase leading down here.
You hit the titan. You freeze the titan.
The titan is lightly wounded.
You slash the red very ugly thing! You freeze the red very ugly thing.
You slice the stone giant!! You freeze the stone giant.
You slice the storm dragon!! You freeze the storm dragon.
You completely miss the shadow dragon.
The storm dragon breathes lightning at you.
The bolt of lightning misses you.
The bolt of lightning hits the titan.
The titan completely resists.
You cut the red very ugly thing into ribbons!!!
You freeze the red very ugly thing!
You kill the red very ugly thing!
Okawaru accepts your kill.
You slash the shadow dragon! You hit the titan. You freeze the titan.
You open the stone giant like a pillowcase!!!
You freeze the stone giant! You hit the storm dragon.
You freeze the storm dragon.
A freezing mist starts to gather...
A very ugly thing simulacrum comes into view.
You slice the stone giant!! You freeze the stone giant.
You kill the stone giant!
Okawaru accepts your kill.
You barely miss the titan.
You slash the very ugly thing simulacrum!
You hear ice creaking.
You hit the storm dragon. You freeze the storm dragon.
You slice the shadow dragon!!
A freezing mist starts to gather...
A stone giant simulacrum comes into view.
The storm dragon is engulfed in freezing vapours.
The storm dragon barely misses you.
The storm dragon claws you but does no damage.
The storm dragon tramples you but does no damage.
The shadow dragon breathes negative energy at you.
The bolt of negative energy hits you! You partially resist.
You feel drained.
* * * LOW HITPOINT WARNING * * *
The titan is engulfed in freezing vapours.
The titan points at you and mumbles some strange words.
The bolt of lightning hits you!!
You die...

..........##########..#
........[.#######..#..#
..........#....[#..#..#
..........#....)'[.#[.#
..........#....[#[.'[.#
..........#.....#..#..#
#####.....#..#T#####..#
#.....#..#.DZZ##..#
#.....#..#.C@D##..#
#.....##########..#
#.................#
#.................#
#.................#
#........>........#
#.................#
#.................#
#.................#


You could see a shadow dragon (soul bound, catching breath), a titan (soul
bound, empowered), a storm dragon (soul bound, catching breath), a deep troll
(soul bound), a very ugly thing simulacrum and a stone giant simulacrum.

Vanquished Creatures
  A dread lich (Vaults:5)
  Xtahua (Vaults:3)
  Vashnia (Snake:4)
  The ghost of experimilk the Brawler, an adept TrGl of Ru (Vaults:4)
  3 titans
  Rupert (D:12)
  A quicksilver dragon (Vaults:5)
  Polyphemus (Shoals:2)
  Gastronok (Orc:1)
  3 sphinxes
  A kraken (Shoals:4)
  2 tengu reavers
  2 storm dragons (Vaults:5)
  A fire giant (Vaults:5)
  Donald (Snake:2)
  Aizul (Shoals:1)
  Ilsuiw (Shoals:3)
  7 nagarajas (Snake:4)
  A revenant (Vaults:2)
  A deep elf sorcerer (Vaults:5)
  A frost giant (Vaults:5)
  3 imperial myrmidons
  Louise (Shoals:3)
  8 vault wardens
  A quicksilver ooze (Gauntlet)
  4 stone giants
  3 very ugly things
  14 ironbound preservers
  8 ironbound thunderhulks
  2 formless jellyfish
  A vampire knight (D:13)
  A deep elf demonologist (Vaults:5)
  11 dire elephants
  3 war gargoyles
  A minotaur (Gauntlet)
  A deep elf death mage (Vaults:5)
  2 halazid warlocks (Desolation)
  3 ettins
  Snorg (D:13)
  An entropy weaver (Vaults:1)
  3 crystal guardians
  2 merfolk javelineers
  5 deep elf high priests (Vaults:5)
  2 ragged hierophants (Desolation)
  2 rakshasas (D:15)
  4 great orbs of eyes
  14 yaktaur captains
  6 merfolk impalers (Shoals:4)
  33 vault guards
  6 salamander tyrants
  3 hydras
  4 servants of whispers (Desolation)
  10 anacondas
  11 peacekeepers
  2 ogre magi (Orc:2)
  A catoblepas (Shoals:2)
  6 centaur warriors
  12 ironbound frosthearts
  4 merfolk avatars (Shoals:4)
  3 boulder beetles
  3 merfolk aquamancers
  A satyr (Shoals:4)
  12 death yaks
  9 two-headed ogres
  2 occultists (D:15)
  20 naga sharpshooters
  A vampire mage (Vaults:2)
  20 naga warriors
  9 shock serpents
  4 hell knights (Vaults:5)
  11 skeletal warriors
  Lodul (D:13)
  15 sea snakes
  4 salamander mystics
  7 skysharks
  A glowing orange brain (Vaults:3)
  10 mana vipers
  Pikel (D:8)
  7 arcanists
  2 orc knights (Vaults:5)
  2 deep elf archers (Vaults:5)
  11 ironbound convokers
  9 lindwurms
  21 deep trolls
  8 naga ritualists
  22 harpies
  3 deep elf zephyrmancers (Vaults:5)
  A phantasmal warrior (Vaults:2)
  8 necromancers
  5 deep elf pyromancers
  2 wolf spiders (D:13)
  20 salamanders
  2 orc sorcerers
  9 cyclopes
  A faun (Shoals:2)
  17 ugly things
  12 manticores
  Maurice (D:7)
  Joseph (D:10)
  40 black mambas
  8 guardian serpents
  6 meliai (D:13)
  10 elephants (Lair:5)
  2 kobold blastminers (Orc:2)
  10 merfolk sirens
  A rust devil (Gauntlet)
  18 vault sentinels
  4 water nymphs
  A smoke demon (Gauntlet)
  31 naga magi
  6 gargoyles
  Maggie (D:8)
  2 centaur skeletons (D:15)
  3 rime drakes
  A kobold demonologist (D:14)
  A minotaur zombie (Gauntlet)
  6 freezing wraiths (D:13)
  7 cane toads
  9 komodo dragons
  2 unseen horrors
  A yaktaur (shapeshifter) (D:15)
  Jeremiah (D:7)
  7 yaktaurs
  A red devil (Gauntlet)
  5 harpy zombies (D:13)
  7 polar bears (Lair:5)
  10 trolls
  20 merfolk
  6 wind drakes
  15 blink frogs
  A wolf spider simulacrum (D:15)
  7 hornets
  32 saltlings (Desolation)
  2 dream sheep (Lair:5)
  36 slime creatures
  8 snapping turtles
  A ynoxinul (Gauntlet)
  3 shadows
  10 vampires
  A culicivora (Vaults:1)
  3 wyverns
  12 spriggans (Lair:5)
  7 water elementals
  A wraith (D:11)
  78 yaks
  2 basilisks
  4 wargs
  4 vampire mosquitoes
  A steam dragon (D:8)
  A redback (Vaults:4)
  46 nagas
  2 acid dragons (D:11)
  Duvessa (D:7)
  7 water moccasins
  11 orc warriors
  2 ice beasts
  A sky beast (D:8)
  3 black bears
  29 ogres
  7 centaurs
  6 boggarts
  29 wolves
  A lemure (D:8)
  A phantom (D:3)
  6 kobold brigands
  A brain worm (D:4)
  7 bullfrogs
  A scorpion (D:6)
  A necrophage (D:4)
  3 wights (D:7)
  Dowan (D:7)
  28 killer bees
  9 electric eels
  5 howler monkeys
  A lava snake (Lair:4)
  2 bombardier beetles
  3 crimson imps (Gauntlet)
  6 hounds
  5 jellies
  11 orc priests
  4 iron imps (Gauntlet)
  3 iguanas
  10 orc wizards
  13 hell rats
  A boggart skeleton (D:15)
  A hound skeleton (D:4)
  8 adders
  6 gnolls
  5 river rats (Lair:1)
  A shadow imp (D:5)
  6 white imps
  5 dart slugs
  2 ribbon worms
  41 orcs
  6 bats
  6 endoplasms
  2 giant cockroaches
  5 goblins
  10 hobgoblins
  3 jackals (D:4)
  3 quokkas
  9 ball pythons
  3 frilled lizards
  40 kobolds
  7 rats
  A tentacle (Shoals:4)
1423 creatures vanquished.

Vanquished Creatures (others)
  A saltling (Desolation)
  A human (D:4)
  A hobgoblin (D:6)
  A kobold (D:8)
  3 tentacles (Shoals:4)
7 creatures vanquished.

Grand Total: 1430 creatures vanquished

Notes
Turn   | Place    | Note
-------+----------+-------------------------------------------
     0 | D:1      | Bobbunny the Formicid Fighter began the quest for the Orb.
     0 | D:1      | Reached XP level 1. HP: 18/18 MP: 1/1
   140 | D:1      | Reached skill level 1 in Stealth
   140 | D:1      | Reached XP level 2. HP: 22/24 MP: 2/2
   649 | D:1      | Reached XP level 3. HP: 30/30 MP: 3/3
  1164 | D:2      | Reached skill level 4 in Fighting
  1164 | D:2      | Reached XP level 4. HP: 26/37 MP: 4/4
  1445 | D:2      | Reached XP level 5. HP: 32/43 MP: 5/5
  1608 | D:2      | Found a faded altar of an unknown god.
  1782 | D:3      | Noticed a phantom
  1800 | D:3      | Killed a phantom
  1906 | D:3      | Found a stormy altar of Qazlal.
  2047 | D:3      | Found an ornate altar of the Wu Jian Council.
  2347 | D:3      | Found a glowing silver altar of Zin.
  2447 | D:3      | Reached skill level 5 in Fighting
  2447 | D:3      | Reached XP level 6. HP: 51/51 MP: 6/6
  2589 | D:4      | Found an ancient bone altar of Kikubaaqudgha.
  2590 | D:4      | Noticed a human
  2592 | D:4      | Killed a human
  2711 | D:4      | Noticed Blork the orc
  2712 | D:4      | Blork the orc changed into Blork the jelly
  2712 | D:4      | Noticed Blork
  2717 | D:4      | Killed Blork the jelly
  2827 | D:4      | Found a shimmering altar of Xom.
  2837 | D:4      | Reached XP level 7. HP: 53/57 MP: 5/7
  3285 | D:4      | Found a burning altar of Makhleb.
  3289 | D:4      | Reached skill level 6 in Fighting
  3293 | D:4      | Reached skill level 5 in Axes
  3388 | D:5      | Entered Level 5 of the Dungeon
  3889 | D:5      | Reached XP level 8. HP: 65/65 MP: 8/8
  4147 | D:5      | Reached skill level 7 in Fighting
  4261 | D:5      | Found an iron altar of Okawaru.
  4417 | D:5      | Became a worshipper of Warmaster Okawaru
  4591 | D:6      | Found a snail-covered altar of Cheibriados.
  5045 | D:6      | Found a bloodstained altar of Trog.
  5235 | D:6      | Reached * piety under Okawaru
  5263 | D:6      | Found a white marble altar of Elyvilon.
  5306 | D:6      | Reached skill level 8 in Fighting
  5727 | D:7      | Noticed Maurice
  5742 | D:7      | Killed Maurice
  5743 | D:7      | Reached XP level 9. HP: 68/75 MP: 9/9
  5829 | D:7      | Noticed Jeremiah
  6049 | D:7      | Killed Jeremiah
  6049 | D:7      | Reached ** piety under Okawaru
  6050 | D:7      | Reached skill level 9 in Fighting
  6329 | D:7      | Found a staircase to the Ecumenical Temple.
  6400 | D:7      | Noticed Duvessa
  6403 | D:7      | Noticed Dowan
  6414 | D:7      | Killed Dowan
  6417 | D:7      | Killed Duvessa
  6977 | D:7      | Reached *** piety under Okawaru
  6978 | D:7      | Reached XP level 10. HP: 47/85 MP: 10/10
  7103 | D:8      | Reached skill level 10 in Fighting
  7151 | D:8      | Noticed Maggie
  7164 | D:8      | Killed Maggie
  7165 | D:8      | Reached skill level 5 in Throwing
  7171 | D:8      | Noticed Pikel
  7177 | D:8      | Killed Pikel
  7177 | D:8      | Reached **** piety under Okawaru
  7191 | D:8      | Reached skill level 11 in Fighting
  7333 | D:8      | Noticed a +0 dagger
  7333 | D:8      | Noticed a +0 hand axe
  7378 | D:8      | Found a radiant altar of Vehumet.
  7427 | D:8      | Reached ***** piety under Okawaru
  7428 | D:8      | Reached skill level 10 in Axes
  7569 | D:8      | Found a hazy altar of Hepliaklqana.
  7663 | D:8      | Found a hide-covered altar of Uskayaw.
  7676 | D:8      | Found Ceciwniu's Book Shop.
  7784 | D:9      | Reached XP level 11. HP: 82/93 MP: 11/11
  8033 | D:9      | Noticed a two-headed ogre
  8038 | D:9      | Killed a two-headed ogre
  8115 | D:9      | Reached skill level 12 in Fighting
  8335 | D:9      | Found a staircase to the Orcish Mines.
  8587 | D:9      | Received a gift from Okawaru
  9045 | D:9      | Found a staircase to the Lair.
  9066 | D:10     | Entered Level 10 of the Dungeon
  9141 | D:10     | Reached skill level 13 in Fighting
 10218 | D:10     | Noticed Joseph
 10230 | D:10     | Killed Joseph
 10231 | D:10     | Reached XP level 12. HP: 91/105 MP: 12/12
 10582 | Orc:1    | Entered Level 1 of the Orcish Mines
 10582 | Orc:1    | Noticed Gastronok
 10599 | Orc:1    | Killed Gastronok
 10789 | Orc:2    | Entered Level 2 of the Orcish Mines
 10902 | Orc:2    | Reached skill level 14 in Fighting
 11453 | Lair:1   | Entered Level 1 of the Lair of Beasts
 11594 | Lair:1   | Received a gift from Okawaru
 12004 | Lair:1   | Reached skill level 1 in Dodging
 12832 | Lair:2   | Found a radiant altar of Vehumet.
 12840 | Lair:2   | Reached skill level 1 in Invocations
 12864 | Lair:1   | Reached ****** piety under Okawaru
 12865 | Lair:1   | Acquired the +8 frozen axe "Frostbite" {freeze, freezing
                  | cloud, *Noise Fly rC+}
 12865 | Lair:1   | Received a gift from Okawaru
 12865 | Lair:1   | Found the +8 frozen axe "Frostbite" {freeze, freezing
                  | cloud, *Noise Fly rC+}
 12909 | Lair:2   | Received a gift from Okawaru
 13106 | Lair:2   | Reached XP level 13. HP: 100/114 MP: 14/14
 13290 | Lair:2   | Found a staircase to the Shoals.
 13295 | Lair:2   | Reached skill level 15 in Fighting
 14083 | Lair:3   | Reached skill level 5 in Armour
 14337 | Lair:3   | Noticed a six-headed hydra
 14345 | Lair:3   | Killed an eight-headed hydra
 14346 | Lair:3   | Received a gift from Okawaru
 14490 | Lair:3   | Found a staircase to the Snake Pit.
 14635 | Lair:3   | Reached skill level 5 in Invocations
 15103 | Lair:4   | Noticed a four-headed hydra
 15121 | Lair:4   | Killed a seven-headed hydra
 15186 | Lair:4   | Received a gift from Okawaru
 15619 | Lair:4   | Found a viscous altar of Jiyva.
 15619 | Lair:4   | Found a staircase to the Slime Pits.
 15738 | Lair:4   | Acquired the +0 plate armour of Oblivion {-Cast rPois
                  | Str+5}
 15738 | Lair:4   | Received a gift from Okawaru
 15770 | Lair:5   | Entered Level 5 of the Lair of Beasts
 15784 | Lair:5   | Reached XP level 14. HP: 60/124 MP: 18/18
 15883 | Lair:5   | Reached skill level 16 in Fighting
 15888 | Lair:5   | Received a gift from Okawaru
 16159 | Lair:5   | Reached skill level 15 in Axes
 16198 | Lair:5   | Received a gift from Okawaru
 16283 | Lair:5   | Received a gift from Okawaru
 16331 | Lair:5   | Reached skill level 17 in Fighting
 16354 | Lair:5   | Identified the ring of Zyammuh {Fly rF- rN++ Int+6}
 16385 | Lair:5   | Reached skill level 10 in Armour
 16406 | Lair:5   | Reached XP level 15. HP: 134/134 MP: 19/19
 16661 | Lair:5   | Received a gift from Okawaru
 17055 | Snake:1  | Entered Level 1 of the Snake Pit
 17248 | Snake:1  | Received a gift from Okawaru
 17252 | Snake:1  | Reached skill level 5 in Shields
 17308 | Snake:1  | HP: 5/134 [constriction (4)]
 17480 | Snake:1  | Received a gift from Okawaru
 17624 | Snake:1  | Found Xytuvufe's Magic Scroll Shoppe.
 17637 | Snake:1  | Bought a scroll of fear for 76 gold pieces
 17637 | Snake:1  | Bought a scroll of fear for 76 gold pieces
 17637 | Snake:1  | Bought a scroll of butterflies for 76 gold pieces
 17637 | Snake:1  | Bought a scroll of revelation for 142 gold pieces
 18216 | Snake:2  | Reached skill level 5 in Dodging
 18314 | Snake:2  | Reached skill level 18 in Fighting
 18315 | Snake:2  | Received a gift from Okawaru
 18316 | Snake:2  | Reached XP level 16. HP: 106/143 MP: 4/21
 18604 | Snake:2  | Noticed Donald
 18618 | Snake:2  | Killed Donald
 18777 | Snake:2  | Received a gift from Okawaru
 18994 | Arena    | Entered the Arena
 19819 | Snake:3  | Received a gift from Okawaru
 20157 | Snake:4  | Entered Level 4 of the Snake Pit
 20640 | Snake:4  | Reached XP level 17. HP: 71/151 MP: 23/23
 20904 | Snake:4  | Identified the +2 spear "Tauwkath" {venom, ^Fragile rElec
                  | rCorr Stlth+}
 20924 | Snake:4  | Noticed Vashnia
 20928 | Snake:4  | Reached skill level 19 in Fighting
 20934 | Snake:4  | Received a gift from Okawaru
 20945 | Snake:4  | Killed Vashnia
 20946 | Snake:4  | Reached skill level 10 in Throwing
 21597 | Snake:4  | Received a gift from Okawaru
 21824 | Snake:4  | Reached skill level 20 in Fighting
 22177 | Snake:4  | Received a gift from Okawaru
 22276 | Snake:4  | Got a serpentine rune of Zot
 22494 | Snake:3  | Found a broken altar of Ashenzari.
 22747 | Snake:3  | Reached skill level 21 in Fighting
 22783 | Snake:3  | Reached XP level 18. HP: 125/166 MP: 24/24
 23169 | Shoals:1 | Entered Level 1 of the Shoals
 23328 | Shoals:2 | Identified the serpent talisman of Pragmatism {Fly Str-5
                  | Int+2 Dex+3}
 23328 | Shoals:2 | Noticed Aizul
 23521 | Shoals:1 | Killed Aizul
 23606 | Shoals:2 | Received a gift from Okawaru
 23777 | Shoals:2 | Noticed Polyphemus
 23810 | Shoals:2 | Killed Polyphemus
 24187 | Shoals:3 | Noticed Louise
 24220 | Shoals:3 | Noticed Ilsuiw
 24220 | Shoals:3 | Killed Louise
 24444 | Shoals:3 | Received a gift from Okawaru
 24451 | Shoals:3 | Found Palug's Distillery.
 24455 | Shoals:3 | Killed Ilsuiw
 24517 | Shoals:3 | Bought a potion of curing for 54 gold pieces
 24517 | Shoals:3 | Bought a potion of curing for 54 gold pieces
 24517 | Shoals:3 | Bought a potion of heal wounds for 90 gold pieces
 24517 | Shoals:3 | Bought a potion of lignification for 54 gold pieces
 24517 | Shoals:3 | Bought a potion of curing for 54 gold pieces
 24517 | Shoals:3 | Bought a potion of attraction for 54 gold pieces
 24517 | Shoals:3 | Bought a potion of berserk rage for 90 gold pieces
 24657 | Shoals:4 | Entered Level 4 of the Shoals
 24929 | Shoals:4 | Reached skill level 22 in Fighting
 24938 | Shoals:4 | Received a gift from Okawaru
 24949 | Arena    | Entered the Arena
 25367 | Shoals:4 | Identified the +4 halberd of the Middle {freeze, Str+3}
 25480 | Shoals:4 | Reached skill level 10 in Shields
 25488 | Shoals:4 | Received a gift from Okawaru
 25593 | Shoals:4 | Reached XP level 19. HP: 166/176 MP: 25/25
 25820 | Shoals:4 | Got a barnacled rune of Zot
 26357 | Orc:2    | Found a staircase to the Elven Halls.
 26415 | Orc:2    | Received a gift from Okawaru
 26417 | Orc:2    | Reached skill level 23 in Fighting
 26437 | Orc:2    | Found Guniududd's Antique Armour Emporium.
 26458 | Orc:2    | Found Wyekil's Magic Scroll Emporium.
 26461 | Orc:2    | Found Keytiv's Distillery.
 26490 | Orc:2    | Bought a masterwork chain mail for 351 gold pieces
 26490 | Orc:2    | Identified the +8 chain mail of the Durable Wumpus {+Blink
                  | Stlth+} (You bought it in a shop on level 2 of the Orcish
                  | Mines)
 26503 | Orc:2    | Found Icoh's Assorted Antiques.
 26506 | Orc:2    | Bought a potion of curing for 33 gold pieces
 26506 | Orc:2    | Bought a potion of cancellation for 88 gold pieces
 26506 | Orc:2    | Bought a potion of curing for 33 gold pieces
 26506 | Orc:2    | Bought a potion of curing for 33 gold pieces
 26506 | Orc:2    | Bought a potion of ambrosia for 88 gold pieces
 26506 | Orc:2    | Bought a potion of mutation for 88 gold pieces
 26521 | Orc:2    | Bought a scroll of enchant weapon for 105 gold pieces
 27204 | D:11     | Found a gate leading to a gauntlet.
 27309 | Gauntlet | Entered a Gauntlet
 27309 | Gauntlet | Found a transporter.
 27312 | Gauntlet | Found a transporter.
 27314 | Gauntlet | Found a transporter.
 27329 | Gauntlet | Found a transporter.
 27330 | Gauntlet | Found a transporter.
 27336 | Gauntlet | Found a runed translucent gate.
 27336 | Gauntlet | Found a runed translucent gate.
 27339 | Gauntlet | Found a runed translucent gate.
 27339 | Gauntlet | Found a transporter.
 27355 | Gauntlet | Found a transporter.
 27362 | Gauntlet | Found a transporter.
 27375 | Gauntlet | Found a transporter.
 27392 | Gauntlet | Found a transporter.
 27392 | Gauntlet | Found a transporter.
 27394 | Gauntlet | Found a transporter.
 27418 | Gauntlet | Found a transporter.
 27431 | Gauntlet | Found a transporter.
 27646 | Gauntlet | Identified the +0 robe of Nerom {^Contam rElec Will+++
                  | rCorr}
 27692 | Gauntlet | Got Ekhleucw's Secrets of Metallic Attacks
 27768 | Gauntlet | Identified the staff of Karma {rPois Str+2 Alchemy}
 27956 | D:11     | Received a gift from Okawaru
 27969 | D:11     | Found Zefo's Weapon Shoppe.
 28554 | D:12     | Noticed Rupert
 28563 | D:12     | Killed Rupert
 28701 | D:12     | Identified the +5 flail "Xorpheyl" {speed, MP+9 Dex+3}
 28736 | D:12     | Found a glowing golden altar of the Shining One.
 28827 | D:12     | Found a portal to a secret trove of treasure.
 28937 | D:13     | Noticed Snorg
 28947 | D:13     | Killed Snorg
 28957 | D:13     | Identified the +1 leather armour "Hoilalug" {rN+}
 29006 | D:13     | Found a snail-covered altar of Cheibriados.
 29036 | D:13     | Identified the +5 short sword "Emehikk" {drain, rF+ rC+
                  | Str-5 Int+6}
 29124 | D:13     | Found a transporter.
 29152 | D:13     | Found a transporter.
 29354 | D:13     | Reached skill level 24 in Fighting
 29354 | D:13     | Noticed draino's ghost (journeyman HOMo)
 29368 | D:13     | Found a gate to the Vaults.
 29368 | D:13     | Noticed Lodul
 29376 | D:13     | Killed Lodul
 29501 | D:13     | Received a gift from Okawaru
 29658 | D:13     | Reached skill level 10 in Invocations
 29716 | D:13     | Reached XP level 20. HP: 188/188 MP: 27/27
 29888 | D:13     | Got the Directory of Stolen Souls
 30929 | D:15     | Entered Level 15 of the Dungeon
 31184 | D:15     | Found a staircase to the Depths.
 31282 | D:15     | Received a gift from Okawaru
 31303 | D:15     | Found an ancient bone altar of Kikubaaqudgha.
 31802 | Vaults:1 | Entered Level 1 of the Vaults
 32112 | Vaults:1 | Found a crumbling gateway.
 32127 | Desolati | Entered the Desolation of Salt
 32160 | Desolati | Identified the +6 quarterstaff of the Gnashing King {vamp,
                  | rElec rCorr Int+3}
 32176 | Arena    | Entered the Arena
 32327 | Desolati | Identified the staff of the Gnat {rElec Air Alchemy}
 32338 | Desolati | Identified the +6 scimitar "Coweuzxa" {chaos, rPois Str+2}
 32345 | Desolati | Identified the ring "Iqungix" {rPois Str+4}
 32430 | Desolati | Identified the +12 falchion "Gaisokuf" {drain, Int+5}
 32430 | Desolati | Identified the ring of Muafukk {Ice ^Drain Int+2 SInv}
 32435 | Desolati | Received a gift from Okawaru
 32590 | Desolati | Reached skill level 25 in Fighting
 32592 | Desolati | Got Sif Muna's Compilation of Malisons
 32600 | Desolati | Identified the +2 robe "Deggoj" {Harm rCorr}
 32611 | Desolati | Identified the +8 plate armour of Slovenliness {rPois
                  | rCorr}
 32612 | Desolati | Identified the +0 hand axe "Pizel" {elec, ^Drain rCorr
                  | Int+3 Stlth+}
 33048 | Vaults:1 | Reached XP level 21. HP: 198/198 MP: 23/28
 33376 | Vaults:1 | Received a gift from Okawaru
 33865 | Vaults:2 | Found a staircase to the Crypt.
 33937 | Vaults:2 | Received a gift from Okawaru
 34343 | Vaults:2 | Got Nonuifod's Vellum of the Zephyr and Death
 35024 | Vaults:3 | Reached skill level 26 in Fighting
 35030 | Vaults:3 | Noticed Xtahua
 35040 | Vaults:3 | Killed Xtahua
 35054 | Vaults:3 | Received a gift from Okawaru
 35365 | Vaults:3 | Reached skill level 15 in Throwing
 35822 | Vaults:4 | Reached XP level 22. HP: 143/210 MP: 29/29
 35976 | Vaults:4 | Received a gift from Okawaru
 36432 | Vaults:4 | Found a runed translucent door.
 36432 | Vaults:4 | Noticed experimilk's ghost (adept TrGl)
 37219 | Vaults:4 | Killed experimilk's ghost
 37219 | Vaults:4 | Received a gift from Okawaru
 37221 | Vaults:4 | Identified the +7 lajatang "Hell-Harrower" {pain, rN+ Will+
                  | Int+4}
 37302 | Vaults:5 | Entered Level 5 of the Vaults
 37307 | Vaults:5 | Reached skill level 27 in Fighting
 37326 | Vaults:5 | Received a gift from Okawaru
 37351 | Vaults:5 | Noticed a dread lich
 37361 | Vaults:5 | Received a gift from Okawaru
 37362 | Vaults:5 | Reached XP level 23. HP: 179/219 MP: 15/31
 37369 | Vaults:5 | Killed a dread lich
 37560 | Vaults:5 | Identified the +6 broad axe "Falaigub" {vamp, Int+2}
 37767 | Vaults:4 | Killed from afar by a titan

Illustrated notes

Levels and vault maps discovered:
D:1:      saegor_arrival_simple_b, layout_basic
D:2:      cheibrodos_helix_gallery, layout_loops_ring,
          hellmonk_ecumenical_altar_leap_of_faith
D:3:      layout_basic, nzn_wu_jian_council_hall,
          mainiacjoe_overflow_six_doors_small, mainiacjoe_overflow_alcove_2,
          st_stairs_7, chequers_decorated_corner
D:4:      layout_basic, makhleb_blood_cavern_becter, xom_butterflies,
          tgw_kikubaaqudgha, minmay_misc_feat_plants,
          minmay_misc_feat_diagonals, serial_bayou_lake_a, uniq_blork_the_orc
D:5:      layout_loops_ring, hellmonk_okawaru_the_only_friend_you_need
D:6:      layout_basic, mainiacjoe_overflow_alcove_1, trog_hazing_becter,
          nicolae_elyvilon_temple_path
D:7:      layout_basic, temple_statues, serial_curves, eino_curves_01,
          eino_curves_03, eino_curves_02, eino_curves_03, uniq_duvessa,
          uniq_jeremiah, uniq_maurice
D:8:      layout_rooms, lemuel_round_altar, dancing_weapons_uskayaw,
          vehumet_altar_wand_db, serial_shops, nicolae_shop_advertising_works
          [nicolae_subvault_shop_adworks], uniq_pikel, uniq_maggie
D:9:      layout_basic, lair_entry_dummy, orc_0_dummy
D:10:     layout_basic, uniq_joseph
D:11:     layout_loops_corners, serial_shops, nicolae_shop_statue_plus,
          gauntlet_entry_generic, serial_bayou_pond_b,
          minmay_fractal_squares_gapless_5
D:12:     layout_rooms, nicolae_trove_entry_columns,
          nicolae_tso_swordbearing_angel, uniq_rupert
D:13:     bobbens_index_wilting_gardens, layout_basic, erik_vaults_2,
          gammafunk_ghost_berserking_beasts, kennysheep_slug_shrine, uniq_lodul,
          uniq_snorg
D:14:     layout_cave_pods, lemuel_nasty_fountain
D:15:     grunt_enter_depths_magical_seal, layout_irregular_city,
          kiku_gazebo_pond_becter, chequers_serial_rivers_room_a
Lair:1:   layout_cellular_growth, portal_ice_cave_entry_pillars_2,
          kennysheep_rathole
Lair:2:   layout_hall_layers, minmay_shoals_entry_beasts, basic_altar,
          small_statue_intersection, st_stairs_4, serial_bayou_shore_b,
          lemuel_fruit_fields
Lair:3:   layout_misc_corridors, minmay_snake_entry_guardpost_small,
          serial_bayou_pond_a, grunt_megastairs_1
Lair:4:   layout_gridlike, slime_entry_2
Lair:5:   minmay_lair_end_enchanted_forest, layout_gridlike
Shoals:1: layout_shoals, nicolae_alphabet_shops
Shoals:2: layout_shoals, lemuel_centaur_altar, uniq_polyphemus, uniq_aizul
Shoals:3: layout_shoals, serial_shops, nicolae_shop_waterfront, uniq_louise,
          uniq_ilsuiw
Shoals:4: shoals_end_hangedman, layout_shoals, shoal_ilsuiw
Snake:1:  layout_onion_interference, serial_shops, nicolae_diamond_shop,
          nicolae_snake_lava_pool
Snake:2:  layout_onion, evilmike_ambush [evilmike_ambush_outer_corners,
          evilmike_ambush_inner_wall_1], grunt_megastairs_4, uniq_donald
Snake:3:  layout_concentric_octagons, basic_altar, nicolae_snake_gridmaze_spiral
Snake:4:  snake_pit, layout_basic, uniq_agnes, uniq_vashnia
Orc:1:    layout_caves, uniq_gastronok
Orc:2:    st_orc_open, layout_diamond_mine
Vaults:1: portal_desolation_entry_twin_temple, vaults_room_ringed_pool,
          nicolae_vaults_tetromino_T_1, vaults_room_pool,
          dpeg_vaults_monster_box, hangedman_vaults_nails,
          layout_vaults_big_room, serial_glass
Vaults:2: nicolae_vaults_turnstiles, nicolae_vaults_tetromino_Z_2,
          nicolae_vaults_offset_grid_hallway_2, v_alt_pattern_6, v_misc_22,
          vaults_mumra_minichess, minmay_crypt_entry_simple_plaza,
          hangedman_vaults_snaps, grunt_vaults_trifunnel,
          nicolae_vaults_wine_cellar, grunt_vaults_hallway_long,
          nicolae_vaults_variable_pillar_hall,
          nicolae_vaults_antechamber_and_loot_room, layout_vaults_maze_snakey
Vaults:3: nicolae_vaults_alarming, nicolae_vaults_double_plus_1,
          nicolae_vaults_storage_room_water, st_diamondy,
          nicolae_vaults_circle_grid_b, nicolae_vaults_offset_grid_hallway_3,
          grunt_vaults_hallway_short, v_misc_2, hangedman_vaults_variations,
          vaults_dpeg_doors, nicolae_vaults_tetromino_Z_2,
          ontoclasm_vaults_decontamination, layout_vaults_omnibox, uniq_xtahua
Vaults:4: gammafunk_ghost_grave, nicolae_vaults_spaceships,
          vaults_room_grunt_arrival_ludios, grunt_vaults_diagonal,
          vaults_room_door_ring, nicolae_vaults_tetromino_Z_1,
          hangedman_vaults_stagger, nicolae_vaults_display_case,
          nicolae_vaults_trapezoid_3, nicolae_vaults_mini_display_case,
          layout_vaults_omnigrid
Vaults:5: serial_shops

Skill      XL: |  1  2  3  4  5  6  7  8  9 10 11 12 13 14 15 16 17 18 19 20 21 22 23 |
---------------+----------------------------------------------------------------------+-----
Stealth        | 1 2 3 |  3.0
Fighting       | 4 5 6 8 9 11 13 14 15 17 18 21 22 24 25 26 27 | 27.0
Axes           | 3 4 5 7 8 10 12 13 14 15 16 17 18 | 18.6
Throwing       | 2 4 6 7 9 10 13 15 16 | 16.0
Dodging        | 2 3 5 7 8 |  8.5
Armour         | 4 7 10 12 13 | 13.2
Invocations    | 2 6 7 8 9 10 11 | 11.0
Shields        | 5 7 10 11 | 11.0

Action                     |  1- 3 |  4- 6 |  7- 9 | 10-12 | 13-15 | 16-18 | 19-21 | 22-24 || total
---------------------------+-------+-------+-------+-------+-------+-------+-------+-------++-------
  Melee: War axe           |    96 |    82 |   235 |       |       |       |       |       ||   413
         Battleaxe         |       |       |     8 |   438 |       |       |       |       ||   446
         Unarmed           |       |       |       |    13 |       |       |       |       ||    13
         Executioner's axe |       |       |       |    20 |   438 |   561 |   849 |   223 ||  2091
  Throw: Dart              |       |       |    12 |    12 |       |     1 |       |       ||    25
         Boomerang         |       |       |    12 |    27 |    40 |   151 |    39 |     1 ||   270
         Javelin           |       |       |       |     7 |    11 |    37 |    17 |     3 ||    75
 Invoke: Heroism           |       |       |       |     1 |     1 |     2 |     1 |     3 ||     8
         Finesse           |       |       |       |     1 |     3 |     5 |     6 |     3 ||    18
         Receive Weapon    |       |       |       |     1 |       |       |       |       ||     1
         Receive Armour    |       |       |       |       |     1 |       |       |       ||     1
         Duel              |       |       |       |       |       |     2 |     1 |       ||     3
Ability: Dig               |       |       |       |       |       |     1 |       |       ||     1
  Evoke: Wand              |       |     1 |     1 |       |       |    11 |       |       ||    13
    Use: Scroll            |       |       |    16 |     5 |     5 |     4 |     2 |     2 ||    34
         Potion            |       |       |       |     6 |     1 |     6 |     4 |     5 ||    22
   Stab: Paralysed         |       |       |     4 |       |       |       |       |       ||     4
         Invisible         |       |       |       |       |       |       |       |    14 ||    14
 Armour: Scale mail        |    74 |    46 |       |       |       |       |       |       ||   120
         Chain mail        |       |    24 |   178 |   320 |       |       |       |       ||   522
         Skin              |       |       |       |    94 |       |       |       |       ||    94
         Crystal plate arm |       |       |       |    28 |   137 |    44 |   502 |       ||   711
         Plate armour      |       |       |       |       |   361 |   588 |   236 |   189 ||  1374
  Dodge: Dodged            |    45 |    46 |   108 |   248 |   178 |   228 |   241 |    98 ||  1192
  Block: Buckler           |    24 |    21 |    61 |   103 |   107 |       |       |       ||   316
         Kite shield       |       |       |       |       |     8 |   341 |   472 |   105 ||   926
